Map: Parasitismo LE

Players

TheJungleman - Winner!

  • Race: Zerg Zerg
  • League: Diamond
  • Spawn Location: 5:00

Dedas

  • Race: Terran Terran
  • League: Diamond
  • Spawn Location: 11:00

VOD

Have the link to the VOD?

Description

Time

  • Played on: Sept. 15, 2018, 10:59 a.m.
  • Length: 9:15
Show
View Real Time Build Order
Export as new Build Order

TheJungleman Zerg - Winner!

Build Orders: Hatch First 

Get SALT Encoding   

  12  0:01  Drone  
  13  0:12  Overlord  
  13  0:16  Drone  
  14  0:31  Drone x2  
  16  0:37  Drone  
  17  0:49  Drone  
  18  0:57  Hatchery  
  18  1:01  Drone  
  18  1:04  Extractor  
  17  1:18  Spawning Pool  
  17  1:19  Drone  
  17  1:20  Drone  
  18  1:28  Drone  
  19  1:42  Drone  
  20  1:53  Overlord  
  20  2:05  Queen  
  22  2:08  Queen  
  22  2:09  Zergling x2  
  22  2:10  Zergling x2  
  22  2:12  Drone  
  22  2:13  Metabolic Boost  
  27  2:20  Drone  
  28  2:31  Drone x2  
  28  2:34  Overlord  
  29  2:55  Drone x4  
  29  2:56  Queen x2  
  37  3:05  Drone x2  
  39  3:16  Drone x2  
  41  3:21  Zergling x2  
  41  3:22  Zergling x4  
  44  3:36  Overlord x2  
  44  3:54  Drone  
  44  3:55  Drone x4  
  49  3:59  Drone  
  49  4:02  Extractor  
  49  4:03  Lair  
  49  4:05  Queen  
  49  4:07  Hatchery  
  50  4:12  Drone x2  
  50  4:16  Drone  
  54  4:17  Extractor, Drone  
  53  4:25  Drone  
  53  4:26  Drone  
  55  4:32  Evolution Chamber, Drone x3  
  55  4:34  Evolution Chamber  
  56  4:44  Zergling x8  
  57  4:58  Zergling x4  
  59  5:05  Roach Warren, Overlord  
  59  5:06  Extractor, Overlord  
  57  5:07  Drone x2  
  59  5:35  Drone x4  
  60  5:36  Queen, Drone x7  
  60  5:41  Zerg Melee Weapons Level 1  
  60  5:42  Zerg Ground Armor Level 1  
  72  5:44  Baneling Nest  
  72  5:45  Glial Reconstitution  
  72  5:48  Roach x3  
  77  5:56  Roach  
  80  6:04  Drone x2  
  80  6:06  Overlord  
  81  6:15  Hatchery  
  80  6:19  Overlord x3  
  80  6:24  Queen  
  82  6:26  Roach  
  82  6:27  Roach x2  
  88  6:34  Overlord  
  88  6:35  Overlord  
  88  6:39  Roach  
  90  6:40  Centrifical Hooks, Roach x5  
  90  6:43  Roach x3  
  106  6:47  Zergling x2  
  106  6:48  Zergling x8  
  106  6:49  Zergling x2  
  112  7:09  Roach  
  112  7:10  Roach x5  
  124  7:23  Roach x2  
  124  7:26  Overlord x3  
  124  7:27  Overlord x2  
  128  7:31  Overseer  
  128  7:50  Zergling x2  
  128  7:51  Zergling x32  
  138  7:57  Spore Crawler  
  136  8:17  Spore Crawler  
  135  8:26  Spore Crawler  
  128  8:38  Spore Crawler x2  
  106  8:41  Overseer x2  
Show
View Real Time Build Order
Export as new Build Order

Dedas Terran 

Build Orders: Reaper Expand, Mech 

Get SALT Encoding   

  12  0:01  SCV  
  13  0:13  SCV  
  14  0:17  Supply Depot  
  14  0:25  SCV  
  15  0:29  Refinery  
  15  0:42  Barracks  
  15  0:44  SCV  
  16  0:57  SCV  
  17  1:09  SCV  
  18  1:21  SCV  
  19  1:30  Reaper  
  20  1:33  SCV  
  20  1:39  Command Center  
  21  1:47  Orbital Command  
  21  1:59  Factory  
  21  2:08  Barracks Reactor  
  21  2:15  SCV, Supply Depot  
  22  2:19  Refinery  
  22  2:27  SCV  
  23  3:01  Orbital Command  
  23  3:03  SCV  
  24  3:08  Command Center  
  24  3:10  Hellion  
  27  3:21  SCV  
  27  3:27  Hellion  
  27  3:31  Hellion  
  30  3:49  Hellion  
  30  3:50  Bunker, Marine  
  30  3:52  Hellion  
  30  3:55  SCV x2  
  37  4:02  Factory  
  37  4:06  Starport  
  37  4:07  SCV, Marine  
  39  4:10  SCV  
  40  4:19  SCV  
  40  4:20  Widow Mine x2  
  40  4:22  SCV  
  47  4:25  Orbital Command  
  47  4:31  SCV, Marine  
  47  4:35  SCV  
  49  4:41  Refinery  
  47  4:48  Marine  
  48  5:01  Starport Tech Lab  
  48  5:02  SCV x2  
  48  5:03  SCV  
  48  5:04  Factory Tech Lab  
  51  5:08  Widow Mine  
  51  5:09  Widow Mine  
  55  5:14  SCV, Refinery  
  55  5:15  SCV x2  
  54  5:25  Siege Tank  
  54  5:26  SCV  
  54  5:27  SCV x2  
  54  5:28  Banshee  
  59  5:31  Cloaking Field  
  59  5:39  SCV x2  
  61  5:49  Supply Depot  
  61  5:53  Supply Depot  
  61  5:54  Supply Depot  
  61  5:57  Supply Depot  
  61  6:01  SCV, Hellion x2, Siege Tank  
  69  6:10  Armory  
  69  6:14  Banshee  
  69  6:15  Engineering Bay  
  72  6:23  Hellion, Supply Depot  
  74  6:29  Orbital Command  
  74  6:52  SCV x2  
  76  7:00  Factory  
  76  7:04  SCV  
  77  7:11  Engineering Bay  
  77  7:13  Raven  
  77  7:14  SCV x2  
  77  7:15  Armory x2  
  81  7:16  SCV  
  82  7:25  Factory  
  82  7:26  SCV x2  
  82  7:27  Factory x2  
  82  7:28  SCV  
  82  7:29  Factory  
  85  7:30  Siege Tank  
  85  7:32  Hellion x2  
  92  7:38  SCV x2  
  92  7:40  Refinery  
  92  7:42  Refinery  
  94  7:53  Hellion  
  98  8:00  Factory Tech Lab  
  98  8:03  Command Center  
  96  8:11  Factory  
  96  8:14  Armory  
  96  8:15  Factory  
  96  8:18  Factory Tech Lab x3, Siege Tank x2  
  96  8:19  Factory Tech Lab  
  102  8:35  Sensor Tower  
  102  8:38  Orbital Command  
  74  8:51  Hellbat x2  
  74  8:52  Hellbat x2  
Tags
 
Add a new tag
Caveats
  • Supply blocks, unpowered buildings, or Contaminate may cause inaccurate times.
  • Supply counts are checked every 10 seconds.